 Dungeon Crawl Stone Soup version 0.31.0-32-g396128a36d (webtiles) character file.

Game seed: 15820085436535755501

18833 Ega the Basher (level 12, -2/174 HPs)
             Began as a Minotaur Berserker on Mar 18, 2024.
             Was a High Priest of Trog.
             Succumbed to a cane toad's poison
             ... on level 1 of the Lair of Beasts.
             The game lasted 00:40:04 (11061 turns).

Ega the Basher (Minotaur Berserker)                Turns: 11061, Time: 00:40:04

Health: -2/174     AC: 27    Str: 31    XL:     12   Next: 31%
Magic:  11/11      EV: 11    Int:  4    God:    Trog [*****.]
Gold:   541        SH:  0    Dex: 11    Spells: 11/11 levels left

rFire   . . .        F - +2 flail (protect)
rCold   . . .        r - orb {*Rage}
rNeg    . . .        o - +0 chain mail
rPois   .            (helmet restricted)
rElec   .            (no cloak)
rCorr   .            (no gloves)
SInv    .            d - +2 pair of boots of Ozide {Will+ Str+5}
Will    +....        (no amulet) Stlth
                     G - +4 ring of protection
HPRegen 0.49/turn    (no ring)
MPRegen 0.12/turn

%: random rage (20%)
@: berserking, lethally poisoned (-2 -> -23), under a protective aura, very
quick
A: horns 2, retaliatory headbutt, subdued magic 1
a: Renounce Religion, Berserk, Trog's Hand, Brothers in Arms


You were on level 1 of the Lair of Beasts.
You worshipped Trog.
Trog was extremely pleased with you.
You visited 2 branches of the dungeon, and saw 12 of its levels.

You collected 661 gold pieces.
You spent 120 gold pieces at shops.

Inventory:

Hand Weapons
 a - a +0 spear
 n - a +2 whip of electrocution
 p - a +0 sling
 s - a +0 war axe
 F - a +2 flail of protection (weapon)
 H - a +2 battleaxe
Missiles
 f - 139 stones (quivered)
 g - 2 javelins
 D - 2 throwing nets
 E - 9 boomerangs
Armour
 d - the +2 pair of boots of Ozide (worn) {Will+ Str+5}
   (You acquired it on level 5 of the Dungeon)

   Str+5:     It affects your strength (+5).
   Will+:     It increases your willpower.
 o - a +0 chain mail (worn)
 q - a +0 helmet
 r - an orb of wrath (worn)
Jewellery
 G - a +4 ring of protection (left hand)
 N - a +6 ring of strength
 O - a +6 ring of strength
Talismans
 z - a blade talisman
 L - a talisman of death
Wands
 b - a wand of charming (20)
 C - a wand of mindburst (6)
Scrolls
 c - 2 scrolls of teleportation
 l - a scroll of fog
 t - 3 scrolls of revelation
 w - a scroll of noise
 y - 4 scrolls of amnesia
 A - 7 scrolls of identify
 B - 2 scrolls of fear {unknown}
 I - a scroll of enchant armour {unknown}
 J - a scroll of enchant weapon {unknown}
Potions
 e - a potion of attraction {unknown}
 h - 2 potions of lignification {unknown}
 i - 2 potions of enlightenment
 j - 6 potions of haste
 k - 2 potions of ambrosia
 m - a potion of brilliance {unknown}
 u - 4 potions of curing
 v - a potion of berserk rage {unknown}
 x - a potion of mutation {unknown}
 K - 5 potions of heal wounds
 M - a potion of cancellation {unknown}


   Skills:
 * Level 13.8 Fighting
 + Level 14.5 Maces & Flails
 + Level 4.6 Polearms
 + Level 13.0 Armour
 + Level 5.2 Dodging
 + Level 1.5 Stealth


You had 11 spell levels left.
You didn't know any spells.
Your spell library was empty.

Dungeon Overview and Level Annotations

Branches:
Dungeon (11/15)            Temple (0/1) D:4            Lair (1/5) D:11
    Orc (0/2) D:10

Altars:
Cheibriados
Gozag
Nemelex Xobeh
Qazlal
Vehumet
The Shining One

Shops:
D:4 =   D:5 [?=*   D:9 =


Innate Abilities, Weirdness & Mutations

You have a pair of horns on your head.
You reflexively headbutt those who attack you in melee.
Your spells are a little easier to cast, but a little less powerful.


Message History

The bullfrog hits you.
* * * LOW HITPOINT WARNING * * *
You barely miss the bullfrog.
* * * LOW HITPOINT WARNING * * *
You feel very sick.
The cane toad stings you but does no damage.
The komodo dragon bites you but does no damage.
You sock the bullfrog!
The bullfrog is heavily wounded.
* * * LOW HITPOINT WARNING * * *
You feel very sick. The bullfrog misses you.
The cane toad stings you but does no damage.
You barely miss the bullfrog. Your headbutt misses the bullfrog.
The bullfrog is heavily wounded.
* * * LOW HITPOINT WARNING * * *
You feel very sick. The cane toad barely misses you.
The bullfrog hits you but does no damage.
The komodo dragon misses you. You furiously retaliate!
You headbutt the komodo dragon! You thump the bullfrog!
You feel the power of Trog in you as your rage grows.
You kill the bullfrog!
Trog accepts your kill.
* * * LOW HITPOINT WARNING * * *
You feel very sick. The cane toad stings you.
* * * LOW HITPOINT WARNING * * *
The cane toad stings you!
* * * LOW HITPOINT WARNING * * *
Your Armour skill increases to level 13!
Unknown command.
There is a lethal amount of poison in your body!
There is a lethal amount of poison in your body!
There is a lethal amount of poison in your body!
You hit the cane toad.
You kill the cane toad!
Trog accepts your kill.
You die...

~ ~~ ~P~ #######
~~.##.#P#.#############
. ~....................
..~.#.#lF...............
.≈~...†@†...............
≈≈~~...+......###.##P##.
≈≈~~...#......####.####.
≈≈~...........##.....##.
~PP....+.......'.....##.
#......#......P#.....##.
#.#...#.......##.....##.
..[...........#......+..
.........#########.


You could see a komodo dragon and a cane toad.

Vanquished Creatures
  Harold (D:9)
  2 two-headed ogres
  2 soul eaters (D:9)
  A sixfirhy (D:9)
  Pikel (D:9)
  Maurice (D:9)
  A manticore (D:11)
  3 black mambas (Lair:1)
  2 cane toads (Lair:1)
  Jeremiah (D:8)
  A rime drake (Lair:1)
  An ice devil (D:9)
  A kobold demonologist (D:10)
  A hellwing (D:9)
  A hornet (D:9)
  4 blink frogs (Lair:1)
  A shadow (D:10)
  20 yaks
  Eustachio (D:5)
  A neqoxec (D:9)
  A chaos spawn (D:9)
  3 steam dragons
  Menkaure (D:7)
  2 acid dragons
  Duvessa (D:7)
  7 water moccasins
  7 orc warriors
  3 ice beasts (D:5)
  2 sky beasts
  2 black bears
  4 ogres
  4 centaurs
  2 lemures (D:9)
  5 kobold brigands (D:10)
  6 bullfrogs
  4 scorpions
  A gnoll sergeant (D:6)
  11 wights (D:7)
  Dowan (D:7)
  6 killer bees (D:8)
  3 quasits (D:9)
  8 orc priests
  2 jellies
  A bombardier beetle (D:4)
  3 hounds
  Crazy Yiuf (D:7)
  4 gnoll boudas
  5 iguanas
  Terence (D:3)
  3 sleepcaps
  5 orc wizards
  Robin (D:2)
  3 adders
  18 gnolls
  A river rat (Lair:1)
  A white imp (D:7)
  2 ufetubi (D:6)
  4 dart slugs
  A ribbon worm (D:3)
  47 orcs
  8 ball pythons
  7 endoplasms
  3 giant cockroaches (D:1)
  19 goblins
  8 hobgoblins
  32 kobolds
  7 quokkas
  7 bats
  4 frilled lizards (D:1)
  10 rats
339 creatures vanquished.

Vanquished Creatures (collateral kills)
  A catoblepas (Lair:1)
1 creature vanquished.

Grand Total: 340 creatures vanquished

Notes
Turn   | Place    | Note
-------+----------+-------------------------------------------
     0 | D:1      | Ega the Minotaur Berserker began the quest for the Orb.
     0 | D:1      | Reached XP level 1. HP: 19/19 MP: 0/0
    26 | D:1      | Reached XP level 2. HP: 19/27 MP: 1/1
    83 | D:1      | Found a faded altar of an unknown god.
   212 | D:1      | Reached ** piety under Trog
   358 | D:1      | Reached XP level 3. HP: 33/33 MP: 2/2
   886 | D:2      | Noticed Robin
  1529 | D:2      | Killed Robin
  1530 | D:2      | Reached XP level 4. HP: 38/41 MP: 3/3
  1970 | D:3      | Reached skill level 5 in Fighting
  1970 | D:3      | Reached skill level 1 in Maces & Flails
  2006 | D:3      | Noticed a water elemental
  2016 | D:3      | Found a stormy altar of Qazlal.
  2019 | D:3      | Noticed an air elemental
  2020 | D:3      | Noticed an earth elemental
  2020 | D:3      | Noticed a fire elemental
  2270 | D:3      | Noticed Terence
  2286 | D:3      | Killed Terence
  2287 | D:3      | Reached skill level 2 in Maces & Flails
  2287 | D:3      | Reached XP level 5. HP: 48/48 MP: 4/4
  2429 | D:3      | Found an opulent altar of Gozag.
  2741 | D:4      | Found a radiant altar of Vehumet.
  2746 | D:4      | Reached skill level 3 in Maces & Flails
  2913 | D:4      | Found a snail-covered altar of Cheibriados.
  2921 | D:4      | Reached XP level 6. HP: 56/56 MP: 5/5
  2980 | D:4      | Reached *** piety under Trog
  2981 | D:4      | Reached skill level 4 in Maces & Flails
  3087 | D:4      | Found a staircase to the Ecumenical Temple.
  3235 | D:4      | Found Tuw Haah's Jewellery Shoppe.
  3497 | D:5      | Entered Level 5 of the Dungeon
  3509 | D:5      | Found Hehag's Antique Armour Emporium.
  3591 | D:5      | Reached skill level 5 in Maces & Flails
  3665 | D:5      | Noticed an ice beast
  3728 | D:5      | Reached XP level 7. HP: 63/63 MP: 6/6
  3839 | D:5      | Found Gaxtemor's Jewellery Shop.
  3843 | D:5      | Noticed Eustachio
  3864 | D:5      | Killed Eustachio
  3865 | D:5      | Reached skill level 6 in Maces & Flails
  3886 | D:5      | Reached skill level 5 in Armour
  4029 | D:5      | Found Xijiskeck's Assorted Antiques.
  4236 | D:5      | Reached XP level 8. HP: 71/71 MP: 7/7
  4239 | D:5      | Reached skill level 7 in Maces & Flails
  4375 | D:5      | Found Hura's Magic Scroll Boutique.
  4389 | D:5      | Bought a scroll of identify for 24 gold pieces
  4389 | D:5      | Bought 3 scrolls of identify for 72 gold pieces
  4389 | D:5      | Bought a scroll of identify for 24 gold pieces
  4399 | D:5      | Identified a scroll of acquirement
  4400 | D:5      | Acquired the +2 pair of boots of Ozide {Will+ Str+5}
  4773 | D:6      | Reached skill level 1 in Stealth
  4892 | D:6      | Reached skill level 8 in Maces & Flails
  5379 | D:6      | Reached XP level 9. HP: 63/81 MP: 8/8
  5747 | D:7      | Noticed Menkaure
  5764 | D:7      | Killed Menkaure
  5765 | D:7      | Reached skill level 9 in Maces & Flails
  5820 | D:7      | Noticed Duvessa
  5820 | D:7      | Noticed Dowan
  5834 | D:7      | Killed Dowan
  5834 | D:7      | Reached **** piety under Trog
  5839 | D:7      | Killed Duvessa
  6044 | D:7      | Reached skill level 10 in Maces & Flails
  6436 | D:7      | Found a runed translucent door.
  6437 | D:7      | Noticed Crazy Yiuf
  6442 | D:7      | Killed Crazy Yiuf
  6820 | D:8      | Reached XP level 10. HP: 78/91 MP: 9/9
  7190 | D:8      | Reached skill level 11 in Maces & Flails
  7218 | D:8      | Reached skill level 10 in Armour
  7417 | D:8      | Reached skill level 10 in Fighting
  7599 | D:8      | Noticed Jeremiah
  7622 | D:8      | Killed Jeremiah
  7705 | D:8      | Found a sparkling altar of Nemelex Xobeh.
  8057 | D:9      | Noticed a sixfirhy
  8208 | D:9      | Noticed Maurice
  8208 | D:9      | Noticed a two-headed ogre
  8210 | D:9      | Maurice stole a talisman of death
  8211 | D:9      | Noticed a soul eater
  8212 | D:9      | Noticed a soul eater
  8407 | D:9      | Killed a two-headed ogre
  8408 | D:9      | Reached skill level 12 in Maces & Flails
  8412 | D:9      | Killed a soul eater
  8419 | D:9      | Killed a soul eater
  8420 | D:9      | Reached XP level 11. HP: 78/102 MP: 10/10
  8421 | D:9      | Killed Maurice
  8563 | D:9      | Gained mutation: Your spells are a little easier to cast,
                  | but a little less powerful. [a neqoxec]
  8596 | D:9      | Noticed Pikel
  8601 | D:9      | Killed Pikel
  8602 | D:9      | Reached skill level 13 in Maces & Flails
  8615 | D:9      | Reached ***** piety under Trog
  8681 | D:9      | Found Lamibiu's Jewellery Shoppe.
  8945 | D:9      | Killed a sixfirhy
  8988 | D:9      | Noticed Harold
  9008 | D:9      | Killed Harold
  9172 | D:9      | Found a glowing golden altar of the Shining One.
  9219 | D:9      | Identified the death talisman "Sudughy" {rC+ Int+3}
  9594 | D:10     | Entered Level 10 of the Dungeon
  9727 | D:10     | Reached skill level 14 in Maces & Flails
  9766 | D:10     | Identified the +1 flail of Change {antimagic, rElec rF+ rN+
                  | Will+}
  9875 | D:10     | Found a staircase to the Orcish Mines.
  9982 | D:10     | Noticed a two-headed ogre
  9988 | D:10     | Killed a two-headed ogre
 10319 | D:11     | Reached skill level 5 in Dodging
 10319 | D:11     | Reached XP level 12. HP: 107/115 MP: 11/11
 10592 | D:11     | Found a staircase to the Lair.
 10602 | Lair:1   | Entered Level 1 of the Lair of Beasts
 10935 | Lair:1   | Noticed a catoblepas
 10938 | Lair:1   | Killed a catoblepas
 11060 | Lair:1   | HP: 1/174 [cane toad (11)]
 11061 | Lair:1   | Succumbed to a cane toad's poison

Illustrated notes

Levels and vault maps discovered:
D:1:      minmay_arrival_three_doors, layout_rooms,
          shapermc_ecumenical_altar_venn, minmay_pentomino_x4
D:2:      layout_basic, corexii_shack, uniq_robin
D:3:      layout_rooms, nicolae_qazlal_style_of_elements,
          mainiacjoe_overflow_alcove_4, uniq_terence
D:4:      layout_loops_ring, nicolae_vehumet_radiance, slow_altar_1,
          minmay_temple_entry_offerings, serial_shops, shop, st_stairs_12
D:5:      layout_basic, serial_shops, shop, shop_statue,
          nicolae_shop_hallway_plus, nicolae_shop_statue_plus, nrook_uturn,
          kennysheep_nondescript, nicolae_elevator_lobby_asterisk,
          uniq_eustachio
D:6:      layout_loops_ring, nicolae_grassy_gnolls
D:7:      layout_cave_pools, uniq_duvessa, uniq_menkaure,
          uniq_crazy_yiuf_cottage
D:8:      layout_basic, mainiacjoe_overflow_boulevard, special_room
          [special_room_orc], uniq_jeremiah
D:9:      layout_loops_cross, tso_oasis_becter, serial_demonic,
          serial_demonic_d, serial_demonic_b, serial_demonic_b,
          serial_demonic_a, serial_demonic_a, serial_demonic_d,
          serial_demonic_g, serial_shops, nicolae_shop_advertising_works
          [nicolae_subvault_shop_adworks], uniq_harold, uniq_pikel, uniq_maurice
D:10:     layout_cave_pools, david_orc_1_choice
D:11:     layout_roguey, lair_entry_dummy, hangedman_decor_points
Lair:1:   layout_regular_city, pond

Skill      XL: |  1  2  3  4  5  6  7  8  9 10 11 12 |
---------------+-------------------------------------+-----
Fighting       | 4 5 6 7 9 11 13 | 13.8
Polearms       | 4 |  4.6
Armour         | 3 4 5 7 9 11 12 13 | 13.0
Maces & Flails | 2 3 5 6 8 10 12 14 | 14.5
Stealth        | 1 |  1.5
Dodging        | 3 5 |  5.2

Action                     |  1- 3 |  4- 6 |  7- 9 | 10-12 || total
---------------------------+-------+-------+-------+-------++-------
  Melee: Spear             |    81 |       |       |       ||    81
         Headbutt          |    10 |    15 |    56 |    86 ||   167
         Punch             |     1 |       |       |       ||     1
         Whip              |    48 |   121 |   167 |       ||   336
         Flail             |       |       |    83 |   422 ||   505
   Fire: Sling             |       |     1 |       |       ||     1
 Invoke: Trog's Hand       |       |     1 |     2 |     2 ||     5
         Berserk           |       |     1 |     3 |     2 ||     6
         Brothers in Arms  |       |       |       |     1 ||     1
    Use: Scroll            |       |       |    12 |     2 ||    14
         Potion            |       |       |     1 |     1 ||     2
 Armour: Animal skin       |     2 |       |       |       ||     2
         Ring mail         |    26 |       |       |       ||    26
         Chain mail        |    20 |    76 |   184 |   380 ||   660
  Dodge: Dodged            |    57 |    49 |   102 |   213 ||   421
